Map: Orbital Shipyard

Players

Ailee (Azure) - Winner!

  • Race: Terran Terran
  • League: Master

IchiMonji

  • Race: Protoss Protoss
  • League: Diamond

VOD

Have the link to the VOD?

Description

Time

  • Played on: Nov. 15, 2015, 2:52 p.m.
  • Length: 8:36
Show
View Real Time Build Order
Export as new Build Order

Ailee Terran - Winner!

Build Orders: MMM Bio 

Get SALT Encoding   

  12  0:01  SCV  
  13  0:13  SCV  
  14  0:17  Supply Depot  
  14  0:25  SCV  
  15  0:39  SCV  
  15  0:40  Barracks  
  16  0:45  Refinery  
  16  0:51  SCV  
  17  1:03  SCV  
  18  1:15  SCV  
  19  1:28  Marine  
  19  1:29  Orbital Command  
  20  1:43  Command Center  
  20  1:54  Factory  
  20  1:57  SCV  
  21  2:07  Marine  
  22  2:10  Supply Depot  
  22  2:12  SCV  
  23  2:31  SCV, Marine  
  23  2:32  Refinery  
  23  2:33  Barracks  
  25  2:38  Factory Tech Lab  
  25  2:43  SCV  
  26  2:50  Marine  
  27  2:56  SCV, Orbital Command  
  28  3:00  Cyclone  
  31  3:07  Marine  
  32  3:17  SCV  
  33  3:21  Marine  
  33  3:22  Starport  
  33  3:23  SCV  
  35  3:29  SCV  
  35  3:30  Supply Depot  
  36  3:37  Barracks Reactor  
  36  3:40  SCV  
  37  3:42  SCV  
  37  3:47  Stimpack, Marine  
  39  3:49  Widow Mine  
  39  3:52  SCV  
  39  3:54  SCV  
  43  4:00  Engineering Bay  
  43  4:03  Supply Depot  
  43  4:05  SCV, Liberator  
  43  4:06  SCV  
  43  4:07  Marine  
  46  4:14  Marine  
  46  4:17  SCV  
  50  4:18  SCV  
  50  4:19  Widow Mine  
  54  4:28  Marine, Marauder  
  54  4:29  SCV  
  58  4:32  SCV, Marine  
  58  4:37  Supply Depot  
  60  4:41  SCV  
  60  4:42  Refinery  
  60  4:44  SCV  
  62  4:51  Factory Reactor  
  62  4:55  Barracks  
  62  4:58  Terran Infantry Weapons Level 1, Supply Depot, Marine  
  62  4:59  SCV x2  
  65  5:08  Marine x2  
  67  5:14  SCV  
  67  5:16  SCV  
  67  5:18  Command Center  
  70  5:23  Supply Depot  
  70  5:26  SCV, Refinery  
  70  5:28  Marine x2  
  70  5:29  SCV, Marauder  
  75  5:38  SCV  
  75  5:41  SCV  
  77  5:51  SCV  
  77  5:55  Marine x2  
  77  5:56  Marauder  
  81  6:02  SCV  
  79  6:04  Barracks Tech Lab  
  79  6:05  Medivac x2  
  79  6:06  Factory Tech Lab  
  79  6:08  SCV  
  79  6:09  Barracks  
  79  6:11  Barracks  
  84  6:14  SCV  
  82  6:20  SCV  
  75  6:29  Combat Shields, Marauder, Marine x2  
  75  6:30  Orbital Command, Concussive Shells, Marauder  
  75  6:31  SCV  
  76  6:37  Supply Depot  
  76  6:39  Medivac x2  
  80  6:41  Siege Tank  
  80  6:46  Marine x2  
  84  6:47  Orbital Command  
  84  6:50  Supply Depot  
  84  6:51  Marauder x2  
  89  6:58  Barracks Reactor, Barracks Tech Lab  
  89  7:09  Supply Depot  
  89  7:11  SCV x2  
  89  7:13  SCV, Siege Tank  
  95  7:16  Refinery  
  95  7:22  Marine x2  
  99  7:23  Marauder x2  
  99  7:24  SCV x2, Marauder  
  105  7:31  Supply Depot  
  105  7:32  SCV  
  105  7:34  Marine x2  
  108  7:38  Armory  
  108  7:40  SCV  
  108  7:41  SCV, Engineering Bay  
  108  7:44  SCV  
  111  7:48  Marine x2  
  111  7:49  Marauder x3  
  119  7:52  SCV, Medivac  
  119  7:53  SCV, Medivac  
  119  7:56  SCV  
  126  8:04  SCV  
  127  8:16  Marine x2  
  127  8:18  Marine  
  130  8:33  Supply Depot  
  130  8:34  Barracks x2  
Show
View Real Time Build Order
Export as new Build Order

IchiMonji Protoss 

Build Orders: 1 Gate Expand, Blink Stalkers 

Get SALT Encoding   

  12  0:01  Probe (Chrono Boost)  
  13  0:16  Pylon  
  13  0:18  Probe (Chrono Boost)  
  14  0:29  Probe (Chrono Boost)  
  15  0:38  Gateway  
  15  0:39  Probe (Chrono Boost)  
  17  0:50  Probe (Chrono Boost)  
  17  1:00  Probe (Chrono Boost)  
  18  1:13  Nexus  
  18  1:21  Assimilator  
  18  1:22  Assimilator  
  18  1:33  Cybernetics Core  
  18  1:36  Probe (Chrono Boost)  
  19  1:46  Probe (Chrono Boost)  
  20  1:49  Pylon  
  20  1:57  Probe (Chrono Boost)  
  22  2:11  Mothership Core (Chrono Boost)  
  23  2:16  Warp Gate  
  23  2:27  Gateway  
  24  2:30  Gateway  
  25  2:41  Probe (Chrono Boost)  
  25  2:42  Twilight Council  
  24  2:51  Probe (Chrono Boost)  
  24  2:52  Probe (Chrono Boost)  
  26  2:59  Stalker  
  26  3:02  Probe (Chrono Boost)  
  26  3:04  Probe (Chrono Boost)  
  31  3:13  Probe (Chrono Boost)  
  33  3:24  Robotics Facility  
  33  3:26  Pylon  
  31  3:28  Probe (Chrono Boost)  
  32  3:34  Probe (Chrono Boost)  
  32  3:39  Probe (Chrono Boost)  
  34  3:44  Probe (Chrono Boost)  
  35  3:49  Probe (Chrono Boost), Blink (Chrono Boost)  
  35  3:54  Probe  
  37  4:01  Probe  
  38  4:04  Probe  
  38  4:07  Assimilator x2  
  39  4:13  Probe  
  39  4:15  Probe  
  41  4:18  Observer (Chrono Boost)  
  40  4:26  Probe  
  40  4:28  Pylon  
  41  4:32  Stalker x2  
  41  4:33  Stalker  
  41  4:34  Probe  
  48  4:39  Observer (Chrono Boost)  
  48  4:41  Probe  
  48  4:43  Forge  
  50  4:48  Probe  
  51  4:53  Probe  
  51  4:57  Stalker  
  51  4:58  Observer (Chrono Boost)  
  51  4:59  Stalker  
  57  5:00  Probe  
  58  5:13  Probe  
  59  5:15  Nexus  
  59  5:19  Stalker  
  61  5:24  Pylon x2  
  61  5:28  Protoss Ground Weapons Level 1  
  61  5:45  Stalker x3  
  61  5:49  Pylon  
  63  6:15  Gateway  
  63  6:16  Gateway x2  
  63  6:20  Stalker x3  
  64  6:34  Probe  
  64  6:37  Probe  
  66  6:43  Probe  
  66  6:45  Probe  
  68  6:55  Probe, Forge  
  68  6:57  Probe, Adept x3  
  68  6:59  Probe  
  77  7:03  Pylon  
  77  7:06  Probe  
  77  7:08  Probe, Pylon  
  78  7:11  Probe, Pylon  
  78  7:12  Pylon  
  78  7:15  Pylon  
  80  7:16  Probe  
  80  7:18  Probe, Pylon  
  82  7:23  Robotics Bay  
  82  7:26  Adept x4  
  82  7:27  Adept  
  92  7:35  Probe, Assimilator  
  92  7:36  Assimilator  
  93  7:48  Probe  
  93  7:49  Pylon  
  94  7:57  Observer (Chrono Boost)  
  95  8:05  Stalker x3  
Tags
 
Add a new tag
Caveats
  • Supply blocks, unpowered buildings, or Contaminate may cause inaccurate times.
  • Supply counts are checked every 10 seconds.